 Dungeon Crawl Stone Soup version 0.23-a0-49-gd9f7a49 (webtiles) character file.

1871 galech the Cleaver (level 8, -4/71 HPs)
             Began as a Minotaur Fighter on Aug 6, 2018.
             Was a Follower of Makhleb.
             Slain by an orc warrior
             ... wielding a +0 flail
              (20 damage)
             ... on level 7 of the Dungeon.
             The game lasted 00:08:27 (6517 turns).

galech the Cleaver (Minotaur Fighter)               Turns: 6517, Time: 00:08:28

Health: -4/71      AC:  6    Str: 20    XL:     8   Next: 90%
Magic:  8/8        EV:  9    Int:  5    God:    Makhleb [*.....]
Gold:   277        SH: 10    Dex: 13    Spells: 7/7 levels left

rFire    . . .     SeeInvis +   u - +3 hand axe
rCold    . . .     Gourm    .   c - +0 shield
rNeg     . . .     Faith    .   b - +0 scale mail
rPois    .         Spirit   .   (helmet restricted)
rElec    .         Reflect  .   w - +0 cloak
rCorr    .         Harm     .   (no gloves)
MR       .....                  s - +0 pair of boots
Stlth    ..........             (no amulet)
HPRegen  0.21/turn              j - ring of see invisible
MPRegen  0.11/turn              (no ring)

@: about to teleport, corroded, drained
A: retaliatory headbutt, horns 2
a: Renounce Religion


You were on level 7 of the Dungeon.
You worshipped Makhleb.
Makhleb was aware of your devotion.
You were near starving.

You visited 2 branches of the dungeon, and saw 8 of its levels.

You collected 439 gold pieces.
You spent 162 gold pieces at shops.

Inventory:

Hand Weapons
 a - a +0 war axe
 u - a +3 hand axe (weapon)
Armour
 b - a +0 scale mail (worn)
 c - a +0 shield (worn)
 s - a +0 pair of boots (worn)
 v - a scarf of cloud immunity
 w - a +0 cloak (worn)
Jewellery
 j - a ring of see invisible (left hand)
 D - an uncursed ring of ice
Scrolls
 h - 2 scrolls of immolation
 i - 2 scrolls of enchant weapon
 m - 8 scrolls of identify
 p - 2 scrolls of fear
 t - 4 scrolls of remove curse
 x - 2 scrolls of blinking
 y - a scroll of amnesia {unknown}
 z - 3 scrolls of enchant armour {unknown}
Potions
 d - 5 potions of might
 e - 5 potions of curing
 g - 6 potions of flight {unknown}
 l - 2 potions of heal wounds {unknown}
 n - a potion of experience {unknown}
 o - a potion of brilliance {unknown}
 q - a potion of resistance {unknown}
 r - 3 potions of lignification {unknown}
 A - a potion of agility {unknown}
 C - a potion of invisibility {unknown}
 E - a potion of haste {unknown}
Comestibles
 f - 10 rations


   Skills:
 + Level 6.8(6.5) Fighting
 + Level 8.1(7.8) Axes
 + Level 7.5(7.3) Armour
 - Level 2.1(1.8) Dodging
 - Level 0.2(0.0) Stealth
 + Level 6.8(6.5) Shields
 + Level 2.6(2.3) Invocations


You had 7 spell levels left.
You didn't know any spells.
Your spell library was empty.

Dungeon Overview and Level Annotations

Branches:
Dungeon (7/15)             Temple (1/1) D:5

Altars:
Ashenzari
Cheibriados
Dithmenos
Elyvilon
Fedhas
Gozag
Hepliaklqana
Kikubaaqudgha
Makhleb
Nemelex Xobeh
Okawaru
Qazlal
Ru
Sif Muna
Trog
Uskayaw
Vehumet
Wu Jian
Xom
Yredelemnul
Zin
The Shining One

Shops:
D:4 ?[*=[

Annotations:
D:5 3 runed doors, 2 transporters, Meatbag's ghost, novice TrCK


Innate Abilities, Weirdness & Mutations

You reflexively headbutt those who attack you in melee.
You have a pair of horns on your head.


Message History

The jelly hits you but does no damage. The orc priest barely misses you.
You furiously retaliate!
You headbutt the orc priest!
You kill the orc priest!
Makhleb accepts your kill.
You barely miss the orc warrior. You headbutt the orc warrior!
The orc warrior is heavily wounded.
You hit the jelly.
Your hands burn!
The orc wizard casts a spell.
The orc wizard blinks!
You block the orc warrior's attack. The jelly completely misses you.
Unknown command.
You hit the orc warrior. Your headbutt misses the orc warrior.
The orc warrior is severely wounded.
You hit the jelly.
Your hands burn!
The orc wizard gestures at you while chanting.
The magic dart hits you! The jelly hits you. The acid corrodes you!
You are splashed with acid!
The acid burns!
* * * LOW HITPOINT WARNING * * *
The orc warrior hits you with a flail!!
You die...

##.....#######.##
##...## #.# ##+#
#.# #. #.# #. #.#
######.#### #.#
.......o..######.#
#..)..........#
#..)@#.########
#..Jo#.#
.....ยง..#.#
####.)###.# #..
..# ... ### ###


You could see an orc warrior, a jelly and an orc wizard.

Vanquished Creatures
  2 ice beasts
  A phantom (D:5)
  An ogre (D:6)
  3 centaurs
  2 bullfrogs (D:7)
  9 wights
  A howler monkey (D:4)
  A crimson imp (D:7)
  4 orc priests
  2 hounds (D:4)
  2 bullfrog skeletons
  A jelly (D:5)
  An orc wizard (D:7)
  Crazy Yiuf (D:3)
  2 iguanas
  4 worker ants
  The ghost of KyrpaJooseppi the Chiller, a weakling HuIE (D:3)
  A hound skeleton (D:5)
  A howler monkey skeleton (D:4)
  Robin (D:4)
  7 adders
  2 oozes
  An adder skeleton (D:6)
  2 worms (D:2)
  2 dart slugs
  4 leopard geckos
  20 orcs
  7 giant cockroaches
  14 goblins
  8 hobgoblins
  6 jackals (D:6)
  4 quokkas
  4 ball pythons
  11 bats
  2 frilled lizards
  A jackal skeleton (D:6)
  4 kobolds
  A quokka skeleton (D:4)
  6 rats
147 creatures vanquished.

Notes
Turn   | Place    | Note
-------+----------+-------------------------------------------
     0 | D:1      | galech the Minotaur Fighter began the quest for the Orb.
     0 | D:1      | Reached XP level 1. HP: 19/19 MP: 0/0
   151 | D:1      | Reached XP level 2. HP: 27/27 MP: 1/1
   682 | D:2      | Reached XP level 3. HP: 11/33 MP: 2/2
  1326 | D:2      | Reached skill level 3 in Axes
  1326 | D:2      | Reached XP level 4. HP: 30/40 MP: 3/3
  1647 | D:3      | Noticed KyrpaJooseppi's ghost (weakling HuIE)
  1648 | D:3      | Found a runed gate.
  1649 | D:3      | Found a runed gate.
  1649 | D:3      | Found a runed gate.
  1835 | D:3      | Reached skill level 5 in Armour
  1835 | D:3      | Reached XP level 5. HP: 26/47 MP: 4/4
  2115 | D:3      | Found a runed door.
  2164 | D:3      | Found a stormy altar of Qazlal.
  2511 | D:3      | Noticed Crazy Yiuf
  2515 | D:3      | Paralysed by Crazy Yiuf for 4 turns
  2519 | D:3      | Killed Crazy Yiuf
  2519 | D:3      | Reached skill level 4 in Axes
  2735 | D:4      | Found Jomej's Jewellery Shop.
  2865 | D:4      | Found Ogipniga's Antique Armour Shop.
  2871 | D:4      | Noticed Robin
  2882 | D:4      | Killed Robin
  2884 | D:4      | Reached XP level 6. HP: 43/53 MP: 5/5
  3046 | D:4      | Found Johoggybia's Antique Armour Shoppe.
  3047 | D:4      | Found Vome's General Store.
  3061 | D:4      | Bought a scroll of identify for 26 gold pieces
  3061 | D:4      | Bought a potion of curing for 39 gold pieces
  3061 | D:4      | Bought a scroll of blinking for 97 gold pieces
  3369 | D:4      | Reached skill level 5 in Axes
  3400 | D:4      | Found a bloodstained altar of Trog.
  3400 | D:4      | Found a basalt altar of Yredelemnul.
  3502 | D:4      | Found Cyhonijec's Magic Scroll Shop.
  3746 | D:5      | Entered Level 5 of the Dungeon
  3797 | D:5      | Reached skill level 1 in Dodging
  3847 | D:5      | Reached skill level 5 in Fighting
  3854 | D:5      | Reached skill level 6 in Axes
  3854 | D:5      | Reached skill level 5 in Shields
  3854 | D:5      | Reached XP level 7. HP: 35/61 MP: 6/6
  4156 | D:5      | Found a runed gate.
  4157 | D:5      | Found a runed gate.
  4158 | D:5      | Found a runed gate.
  4159 | D:5      | Noticed Meatbag's ghost (novice TrCK)
  4203 | D:5      | Found a staircase to the Ecumenical Temple.
  4223 | Temple   | Entered the Ecumenical Temple
  4431 | D:5      | Found a radiant altar of Vehumet.
  4431 | D:5      | Noticed a cyclops
  4436 | D:5      | Found a transporter.
  4445 | D:5      | Found a transporter.
  4512 | D:5      | Found a glowing golden altar of the Shining One.
  4770 | D:3      | Killed KyrpaJooseppi's ghost
  4869 | D:6      | Found a shattered altar of Ashenzari.
  4940 | D:6      | Found a bloodstained altar of Trog.
  5024 | D:6      | Reached skill level 7 in Axes
  5038 | D:6      | Reached XP level 8. HP: 49/70 MP: 7/7
  5110 | D:6      | Found a burning altar of Makhleb.
  5115 | D:6      | Became a worshipper of Makhleb the Destroyer
  5136 | D:6      | Found a bloodstained altar of Trog.
  5268 | D:6      | Reached skill level 1 in Invocations
  5884 | D:7      | Reached skill level 8 in Axes
  6512 | D:7      | Reached * piety under Makhleb
  6517 | D:7      | Slain by an orc warrior

Vault maps used:
D:1:      lightli_arrival_chessboard, minmay_misc_feat_hallway, moated_statue,
          skrybe_limestone_x
D:3:      gammafunk_ghost_split, hangedman_feature_mirror,
          nicolae_qazlal_general_emergency, uniq_crazy_yiuf_cottage
D:4:      gammafunk_temple_overflow_wave, serial_shops, kennysheep_mini_moat,
          shop, shop, nicolae_shop_statue_plus, shop, first_ration,
          roderic_batcave, uniq_robin
D:5:      tso_oasis_becter, gammafunk_temple_overflow_arena, temple_statues,
          gammafunk_ghost_split
D:6:      lemuel_doored_altar, ashenzari_altar_1, hangedman_feature_mirror
Temple:   regret_index_temple_sphere_string

Skill      XL: |  1  2  3  4  5  6  7  8 |
---------------+-------------------------+-----
Shields        | 4 5 6 |  6.8
Armour         | 4 5 6 7 |  7.5
Fighting       | 4 5 6 |  6.8
Axes           | 3 4 6 7 8 |  8.1
Dodging        | 1 2 |  2.1
Invocations    | 2 |  2.6
Stealth        | |  0.2

Action                   |  1- 3 |  4- 6 |  7- 9 || total
-------------------------+-------+-------+-------++-------
Melee: War axe           |    80 |    41 |       ||   121
       Headbutt          |     8 |    25 |    32 ||    65
       Hand axe          |       |   129 |   169 ||   298
  Use: Scroll            |       |     5 |     1 ||     6
  Eat: Chunk             |     1 |     8 |     4 ||    13
       Ration            |       |       |     1 ||     1
Armor: Scale mail        |    22 |    57 |    56 ||   135
Dodge: Dodged            |    28 |    40 |    57 ||   125
Block: Shield            |    42 |    98 |    95 ||   235

Table legend:
 A = Spawn XP
 B = Non-spawn XP
 C = Spawn XP percentage of total XP
 D = Spawn monster count
 E = Non-spawn monster count
 F = Spawn count percentage of total count
 G = Total turns spent on level
                    A         B        C        D         E        F      G
               +---------+---------+-------+---------+---------+-------+---------
         Total |       0 |    2674 |   0.0 |       0 |     147 |   0.0 |  6517
               +---------+---------+-------+---------+---------+-------+---------
           D:1 |       0 |      23 |   0.0 |       0 |      14 |   0.0 |   871
           D:2 |       0 |      97 |   0.0 |       0 |      21 |   0.0 |   690
           D:3 |       0 |     213 |   0.0 |       0 |      29 |   0.0 |  1253
           D:4 |       0 |     296 |   0.0 |       0 |      30 |   0.0 |  1050
           D:5 |       0 |     625 |   0.0 |       0 |      17 |   0.0 |   842
           D:6 |       0 |     541 |   0.0 |       0 |      21 |   0.0 |   855
           D:7 |       0 |     879 |   0.0 |       0 |      15 |   0.0 |   793
               +---------+---------+-------+---------+---------+-------+---------
